[Event "Team 45 45 League T39"]
[Site "Internet Chess Club"]
[Date "2008.11.08"]
[Round "3"]
[White "cazj"]
[Black "Tjet"]
[Result "0-1"]
[WhiteElo "1416"]
[BlackElo "1601"]
[Opening "Scandinavian (center counter) defense"]
[ECO "B01"]
[Time "11:00:14"]
[TimeControl "2700+45"]

1. e4 d5 2. exd5 Qxd5 3. Nc3 Qa5 4. Nf3 Bf5 5. Bc4 Nf6 6. O-O e6 7. Re1 Be7 8.
d3 c6 9. Bg5 Nbd7 10. Re2 Bg4 11. Re1 O-O 12. Ne4 Qc7 13. Re3 b5 14. Bb3 Rfe8
15. Qd2 Nxe4 16. dxe4 Bxf3 17. Rxf3 Bxg5 18. Qxg5 Qe5 19. Qf4 Qxf4 20. Rxf4 Nc5
21. Rd1 Rad8 22. Re1 Nxb3 23. axb3 Rd2 24. Rc1 Red8 25. h3 Rd1+ 26. Rxd1 Rxd1+
27. Kh2 Rd2 28. c4 Rxb2 29. cxb5 cxb5 30. Rf3 a5 31. Kg3 a4 32. bxa4 bxa4 33.
Kg4 Rb3 34. Rf4 g6 35. e5 a3 36. Ra4 Rb2 37. Kg5 Kg7 38. Rxa3 Rxf2 39. g4 h6+
40. Kh4 Rd2 41. Rb3 Re2 42. Rb5 Re3 43. g5 Re4+ 44. Kg3 hxg5 45. Kf3 Rh4 46. Kg3
Rd4 47. Rb1 Rd3+ 48. Kg4 Re3 49. Rb5 Rd3 50. Ra5 Rb3 51. Rc5 Rb1 52. Kxg5 Rg1+
53. Kh4 Kh6 {White resigns} 0-1

[Event "Team 45 45 League T39"]
[Site "Internet Chess Club"]
[Date "2008.11.07"]
[Round "3"]
[White "charlo"]
[Black "andrew0311"]
[Result "1-0"]
[WhiteElo "1548"]
[BlackElo "1455"]
[Opening "Sicilian defense"]
[ECO "B20"]
[Time "17:39:01"]
[TimeControl "2700+45"]

1. e4 c5 2. d3 g6 3. Nf3 Bg7 4. g3 Nc6 5. Bg2 d6 6. O-O Nf6 7. Nbd2 O-O 8. Re1
Be6 9. e5 dxe5 10. Nxe5 Nxe5 11. Rxe5 Nd5 12. Re1 Qb6 13. Nc4 Qc7 14. Qe2 Rfe8
15. Ne5 b5 16. c4 bxc4 17. dxc4 Nb6 18. Bxa8 Rxa8 19. Bf4 Qb7 20. b3 Bh3 21. f3
Be6 22. Rad1 Rc8 23. Rd2 a5 24. Red1 Qa8 25. Qe4 Qxe4 26. fxe4 h6 27. Rd8+ Rxd8
28. Rxd8+ Kh7 29. Nc6 Nc8 30. Nxa5 Bd4+ 31. Kg2 Nb6 32. Nc6 Nd7 33. Nxe7 Nf6 34.
e5 Ng4 35. h3 Nxe5 36. Rxd4 cxd4 37. Bxe5 d3 38. Bc3 g5 39. a4 f5 40. a5 f4 41.
gxf4 gxf4 42. Kf3 Bxh3 43. Kxf4 Bg2 44. a6 h5 45. a7 Kh6 46. Kg3 Bb7 47. b4 Kg5
48. Bd2+ Kf6 49. Nd5+ Ke6 50. Nc7+ Kd7 51. Na6 Kc6 52. b5+ Kb6 53. Be3+ Ka5 54.
Nc5 Ba8 55. Nd7 Kb4 56. Bd2+ Kxc4 57. Nb6+ Kxb5 58. Nxa8 Ka6 59. Be3 d2 60. Nc7+
Kb7 61. a8=Q+ Kxc7 62. Qd5 h4+ 63. Kxh4 d1=N 64. Qxd1 Kc6 65. Kg4 Kc7 66. Qd5
Kc8 67. Kf5 Kc7 68. Ke5 Kc8 69. Qc6+ Kd8 70. Bg5# {Black checkmated} 1-0

[Event "Team 45 45 League T39"]
[Site "Internet Chess Club"]
[Date "2008.11.08"]
[Round "3"]
[White "mumu"]
[Black "forsyth"]
[Result "1-0"]
[WhiteElo "1244"]
[BlackElo "1386"]
[Opening "Giuoco Piano: four knights variation"]
[ECO "C55"]
[Time "20:00:41"]
[TimeControl "2700+45"]

1. e4 e5 2. Nf3 Nc6 3. Bc4 Nf6 4. Nc3 Bc5 5. Nxe5 Nxe5 6. d4 Nxc4 7. dxc5 O-O 8.
Bg5 Nxb2 9. Qe2 Re8 10. O-O Re5 11. Bh4 Rxc5 12. Nd5 d6 13. Nxf6+ gxf6 14. f4
Be6 15. Rfe1 Kf8 16. f5 Bc4 17. Qh5 Ke8 18. Qxh7 Kd7 19. Qh5 Qh8 20. Qg4 Rg8 21.
Qf4 Re5 22. Rab1 Rb5 23. a4 Rb6 24. Bf2 Qh3 25. Bg3 Qg4 26. Qe3 Nxa4 27. Rbd1
Nc5 28. Qxc5 Rc6 29. Qxa7 Rb6 30. Qa4+ Rc6 31. Qa1 Qg7 32. Rd2 Qg5 33. Qd1 Qg4
34. Qc1 Re8 35. e5 fxe5 36. Bxe5 f6 37. Bxf6 Qg8 38. Rdd1 Bf7 39. Bb2 Bd5 40.
Qd2 Rxe1+ 41. Rxe1 Bf7 42. f6 Be6 43. Qe2 Qf7 44. Qd3 Rc5 45. Bd4 Rd5 46. Qe3
Rh5 47. Qe4 Rb5 48. c3 Qg8 49. Rf1 Bh3 50. f7 Rg5 51. fxg8=Q Rxg8 52. Qh7+
{Black resigns} 1-0

[Event "Team 45 45 League T39"]
[Site "Internet Chess Club"]
[Date "2008.11.09"]
[Round "3"]
[White "ElmerHo"]
[Black "Portola"]
[Result "1/2-1/2"]
[WhiteElo "1587"]
[BlackElo "1620"]
[Opening "French: Rubinstein variation"]
[ECO "C10"]
[Time "20:30:12"]
[TimeControl "2700+45"]

1. e4 e6 2. d4 d5 3. Nc3 dxe4 4. Nxe4 Be7 5. Nf3 Nf6 6. Bd3 Nxe4 7. Bxe4 O-O 8.
c3 Nd7 9. O-O Nf6 10. Bc2 b6 11. Re1 Bb7 12. Qd3 Bxf3 13. Qxf3 Qd5 14. Qxd5 Nxd5
15. Bb3 Rfe8 16. Ba4 Rf8 17. Bc6 Rad8 18. Bd2 Rd6 19. Bxd5 Rxd5 20. Bf4 Bd6 21.
Bxd6 Rxd6 22. Rad1 a5 23. a4 Rfd8 24. Rd2 c5 25. Red1 c4 26. f4 h5 27. Re2 Rd5
28. Re5 g6 29. Rde1 Rxe5 30. Rxe5 Rd5 31. Rxd5 exd5 32. h4 Kf8 33. Kf2 Ke7 34.
Ke3 Ke6 35. Ke2 Kf5 36. Kf3 Kf6 37. Ke3 Ke6 38. Ke2 Kd6 39. Kd2 Kc6 40. Kc2 b5
41. b3 bxa4 42. bxa4 Kd6 43. Kd2 Ke6 44. Ke2 f6 45. g3 Kf5 46. Kf3 g5 47. fxg5
fxg5 48. hxg5 Kxg5 49. Ke3 Kg4 50. Kf2 Kf5 51. Kf3 Kg5 52. Ke3 Kg4 {Game drawn
by mutual agreement} 1/2-1/2

[Event "Team 45 45 League T39"]
[Site "Internet Chess Club"]
[Date "2008.11.08"]
[Round "3"]
[White "Emrebey"]
[Black "Invicta-Knight"]
[Result "1/2-1/2"]
[WhiteElo "1581"]
[BlackElo "1443"]
[Opening "English: symmetrical, main line with d4"]
[ECO "E65"]
[Time "13:30:40"]
[TimeControl "2700+45"]

1. c4 Nf6 2. Nf3 c5 3. g3 Nc6 4. Bg2 g6 5. O-O Bg7 6. Nc3 O-O 7. d4 d6 8. dxc5
dxc5 9. Qxd8 Rxd8 10. Be3 Nd7 11. Rac1 b6 12. b3 Bb7 13. Rfd1 Nce5 14. Nxe5 Bxg2
15. Nxd7 Bc6 16. Nd5 Rxd7 17. Bf4 {Game drawn by mutual agreement} 1/2-1/2

[Event "Team 45 45 League T39"]
[Site "Internet Chess Club"]
[Date "2008.11.08"]
[Round "3"]
[White "twintower"]
[Black "g8wrb"]
[Result "1-0"]
[WhiteElo "1458"]
[BlackElo "1403"]
[Opening "French: King's Indian attack"]
[ECO "C00"]
[Time "14:00:14"]
[TimeControl "2700+45"]

1. e4 e6 2. d3 d5 3. Nd2 Nf6 4. e5 Nfd7 5. d4 c5 6. c3 Nc6 7. Nb3 cxd4 8. cxd4
f6 9. f4 fxe5 10. fxe5 Be7 11. Qh5+ g6 12. Qh6 Bf8 13. Qf4 Qb6 14. Nf3 Bg7 15.
Ng5 Rf8 16. Qh4 h6 17. Nxe6 Rf7 18. Nxg7+ Rxg7 19. Bxh6 Rh7 20. Bd3 Qb4+ 21. Nd2
Qxd4 22. Bxg6+ Rf7 23. Bxf7+ Kxf7 24. Rf1+ Ke6 25. Rf6+ Kxe5 26. Qg5# {Black
checkmated} 1-0

[Event "Team 45 45 League T39"]
[Site "Internet Chess Club"]
[Date "2008.11.08"]
[Round "3"]
[White "Visin"]
[Black "EyeAm"]
[Result "0-1"]
[WhiteElo "1275"]
[BlackElo "1445"]
[Opening "Van't Kruijs opening"]
[ECO "A00"]
[Time "14:57:35"]
[TimeControl "2700+45"]

1. e3 f5 2. b3 e6 3. Bb2 Nf6 4. Nc3 Be7 5. Bd3 O-O 6. e4 fxe4 7. Nxe4 Nxe4 8.
Bxe4 d5 9. Bd3 Qe8 10. Qg4 e5 11. O-O-O Bxg4 {White resigns} 0-1

[Event "Team 45 45 League T39"]
[Site "Internet Chess Club"]
[Date "2008.11.09"]
[Round "3"]
[White "Chessduke"]
[Black "DFME"]
[Result "1-0"]
[WhiteElo "2092"]
[BlackElo "2002"]
[Opening "Two knights defense"]
[ECO "C55"]
[Time "10:05:34"]
[TimeControl "2700+45"]

1. e4 e5 2. Nf3 Nc6 3. Bc4 Nf6 4. d4 exd4 5. O-O Be7 6. e5 Ng4 7. Re1 d6 8. exd6
Qxd6 9. h3 Nge5 10. Nxe5 Nxe5 11. Bf4 f6 12. Nd2 Bf5 13. Nf3 Qc5 14. Bxe5 fxe5
15. Nxe5 O-O-O 16. Bd3 Bxd3 17. Qxd3 Qd5 18. Rad1 Bc5 19. Qf3 Qxf3 20. Nxf3 Rhe8
21. Rxe8 Rxe8 22. Kf1 a5 23. Nxd4 Bxd4 24. Rxd4 b6 25. Rh4 h6 26. Rg4 g5 27. h4
gxh4 28. Rxh4 Re6 29. f3 c5 30. Re4 Rxe4 31. fxe4 Kd7 32. Kf2 Ke6 33. Ke3 Ke5
34. a4 h5 35. g3 {Black resigns} 1-0

[Event "Team 45 45 League T39"]
[Site "Internet Chess Club"]
[Date "2008.11.08"]
[Round "3"]
[White "MrKarma"]
[Black "Fegary"]
[Result "0-1"]
[WhiteElo "1613"]
[BlackElo "2133"]
[Opening "Ruy Lopez: Schliemann defense"]
[ECO "C63"]
[Time "17:01:28"]
[TimeControl "2700+45"]

1. e4 e5 2. Nf3 Nc6 3. Bb5 f5 4. d3 Nf6 5. Bg5 h6 6. Bxf6 Qxf6 7. O-O Ne7 8. Nc3
c6 9. Ba4 f4 10. Qe1 g5 11. h3 h5 12. Nh2 Ng6 13. f3 Bc5+ 14. Kh1 b6 15. Bb3 Bb7
16. Ne2 O-O-O 17. c3 Be3 18. d4 d5 19. Rd1 dxe4 20. fxe4 c5 21. Bd5 Bxd5 22.
exd5 Rxd5 23. dxe5 Rxe5 24. Nf3 Re7 25. Rd5 g4 26. Ng5 f3 27. Nxf3 gxf3 28. Rxf3
Qe6 29. Qd1 Nh4 30. Rd6 Qg8 31. Rg3 Qxa2 32. Qd3 Bf2 33. Rg5 Qa1+ 34. Kh2 Rxe2
35. Rc6+ Kb8 36. Rxb6+ axb6 37. Qd6+ Ka7 38. Rg7+ Ka6 39. Qd3+ c4 40. Qxc4+ b5
41. Qc6+ Ka5 42. Ra7+ Bxa7 43. b4+ Ka4 44. Qa6+ Kb3 45. Qxa1 Rxg2+ 46. Kh1 Rg1+
{White resigns} 0-1

[Event "Team 45 45 League T39"]
[Site "Internet Chess Club"]
[Date "2008.11.10"]
[Round "3"]
[White "Cory"]
[Black "chessateer"]
[Result "0-1"]
[WhiteElo "1542"]
[BlackElo "1831"]
[Opening "Four knights: Italian variation"]
[ECO "C28"]
[Time "19:56:24"]
[TimeControl "2700+45"]

1. e4 e5 2. Nc3 Nc6 3. Bc4 Nf6 4. Nf3 Be7 5. d3 O-O 6. O-O d6 7. h3 Na5 8. Bd5
c6 9. Bb3 Nxb3 10. axb3 Qc7 11. Be3 d5 12. exd5 cxd5 13. Bxa7 Bd7 14. Re1 Bd6
15. d4 e4 16. Ne5 Be8 17. Ng4 Nxg4 18. Qxg4 Bd7 19. Nxd5 Qc6 20. Qxe4 Rfe8 21.
Nf6+ gxf6 22. Qxc6 bxc6 23. Bc5 Bxc5 24. Rxe8+ Rxe8 25. dxc5 Bf5 26. Ra6 Bxc2
27. Rxc6 Bxb3 28. Rxf6 Re1+ 29. Kh2 Re2 30. Rf3 Be6 31. b4 Re4 32. b5 Rc4 33.
Rg3+ Kf8 34. Rg5 f5 35. g4 Rxc5 36. gxf5 Rxb5 37. Rh5 Rxf5 38. Rxf5+ Bxf5 39. h4
Kg7 40. Kg3 Kh6 41. Kf4 Bd7 42. Ke5 Kh5 43. f4 Kxh4 44. f5 Kg5 45. f6 Be8 46.
Ke6 h5 47. Ke7 Bg6 48. Ke6 h4 {White resigns} 0-1

[Event "Team 45 45 League T39"]
[Site "Internet Chess Club"]
[Date "2008.11.08"]
[Round "3"]
[White "Campagnolo"]
[Black "chiiwen"]
[Result "1/2-1/2"]
[WhiteElo "2085"]
[BlackElo "2080"]
[Opening "Sicilian: accelerated fianchetto, Maróczy bind, 5...Bg7"]
[ECO "B37"]
[Time "21:01:10"]
[TimeControl "2700+45"]

1. e4 c5 2. Nf3 g6 3. d4 cxd4 4. Nxd4 Nc6 5. c4 Bg7 6. Nc2 Nf6 7. Nc3 d6 8. Be2
O-O 9. O-O Bd7 10. Bg5 Rc8 11. Rc1 a6 12. Qd2 Ne5 13. b3 Bc6 14. f3 Kh8 15. Rfd1
Ned7 16. Kh1 a5 17. Ne3 Nc5 18. Bf1 Ne6 19. Bh4 Re8 20. Bg3 Nd7 21. Ned5 Nb6 22.
Bf2 Bxd5 23. Nxd5 Nxd5 24. Qxd5 Qc7 25. g3 Rcd8 26. Bh3 Nc5 27. Kg2 Kg8 28. Rc2
b6 29. Be3 Rb8 30. Rdc1 Red8 31. Qd2 Qb7 32. Rd1 Qc7 33. Qe2 Qc6 34. Rd5 Ra8 35.
Kg1 Rab8 36. Bg2 Qc7 37. Bf1 Rf8 {Game drawn by mutual agreement} 1/2-1/2

[Event "Team 45 45 League T39"]
[Site "Internet Chess Club"]
[Date "2008.11.08"]
[Round "3"]
[White "martineden"]
[Black "nosalt"]
[Result "1-0"]
[WhiteElo "1966"]
[BlackElo "1978"]
[Opening "King's Indian, 3.Nf3"]
[ECO "E60"]
[Time "10:09:15"]
[TimeControl "2700+45"]

1. d4 Nf6 2. c4 g6 3. Nf3 Bg7 4. g3 O-O 5. Bg2 d6 6. O-O a5 7. Nc3 Nbd7 8. b3 e5
9. dxe5 dxe5 10. Ba3 Re8 11. Ng5 Nf8 12. Qc1 c6 13. Rd1 Qc7 14. Bd6 Qb6 15. Na4
Qa6 16. Qc3 N8d7 17. Qc2 h6 18. Ne4 Nxe4 19. Qxe4 f5 20. Qe3 e4 21. Rac1 b5 22.
cxb5 cxb5 23. Nc5 Nxc5 24. Bxc5 Be6 25. Rd6 Qb7 26. Bd4 Rad8 27. Rxd8 Rxd8 28.
Bxg7 Kxg7 29. Qc3+ Kf7 30. e3 Rd3 31. Qxd3 exd3 32. Bxb7 {Black resigns} 1-0

[Event "Team 45 45 League T39"]
[Site "Internet Chess Club"]
[Date "2008.11.07"]
[Round "3"]
[White "livis"]
[Black "KarloTurk"]
[Result "0-1"]
[WhiteElo "1956"]
[BlackElo "2039"]
[Opening "Sicilian: Grand Prix attack"]
[ECO "B21"]
[Time "14:46:09"]
[TimeControl "2700+45"]

1. e4 c5 2. f4 Nc6 3. Nf3 Nf6 4. e5 Nd5 5. d3 d6 6. c4 Nb6 7. exd6 exd6 8. Be2
g6 9. Bd2 Bg7 10. Bc3 Nd4 11. Nxd4 cxd4 12. Ba5 O-O 13. O-O Bd7 14. Nd2 Bc6 15.
b4 Qe7 16. Bxb6 axb6 17. b5 Bd7 18. Ne4 f5 19. Nf2 Ra3 20. Bf3 Re8 21. Qc1 Rc3
22. Qd1 Qe3 23. Bxb7 Qxf4 24. Qf3 Qxf3 25. Bxf3 Ra3 26. Rfe1 Rxe1+ 27. Rxe1 Kf8
28. Re2 Bh6 29. g4 Be3 30. gxf5 Bxf5 31. Kg2 Bxf2 32. Rxf2 Bxd3 33. Bd5+ Bf5 34.
Be6 Kg7 35. Bxf5 gxf5 36. Rd2 Kf6 37. Rxd4 Rxa2+ 38. Kg3 Ke5 39. Rd5+ Ke6 40. h3
Re2 41. Kf4 Re4+ 42. Kg5 Rxc4 43. Rd1 d5 44. Re1+ Re4 45. Rc1 d4 46. Rc6+ Ke5
47. Rxb6 d3 48. Rb8 d2 49. Rd8 Rd4 50. Re8+ Kd5 51. Rd8+ Kc5 {White resigns} 0-1

[Event "Team 45 45 League T39"]
[Site "Internet Chess Club"]
[Date "2008.11.11"]
[Round "3"]
[White "chess9793"]
[Black "Holm"]
[Result "1/2-1/2"]
[WhiteElo "1773"]
[BlackElo "1905"]
[Opening "Sicilian: accelerated fianchetto, modern variation with Bc4"]
[ECO "B35"]
[Time "12:36:05"]
[TimeControl "2700+45"]

1. e4 c5 2. Nf3 Nc6 3. d4 cxd4 4. Nxd4 g6 5. Nc3 Bg7 6. Be3 Nf6 7. Bc4 O-O 8.
Bb3 d6 9. Qd2 Ng4 10. Nxc6 bxc6 11. Bd4 e5 12. Be3 Nxe3 13. Qxe3 Be6 14. Bxe6
fxe6 15. O-O d5 16. exd5 exd5 17. Qc5 Qb6 18. Qxb6 axb6 19. Ne2 e4 20. c3 Ra7
21. a4 Rfa8 22. b3 b5 23. Rab1 bxa4 24. bxa4 Rxa4 25. Rb6 R4a6 26. Rxa6 Rxa6 27.
f3 Ra2 28. Nd4 Bxd4+ 29. cxd4 e3 30. Re1 Rd2 31. Rxe3 Rxd4 32. Rc3 Rc4 33. Rxc4
dxc4 34. Kf2 Kf7 35. Ke3 Ke6 36. Kd4 c3 37. Kxc3 Kd5 38. g3 c5 39. h3 h6 40. Kd3
g5 41. f4 gxf4 42. gxf4 c4+ 43. Kc3 Ke4 44. Kxc4 Kxf4 45. Kd3 Kg3 46. Ke2 Kxh3
47. Kf3 h5 48. Kf2 Kh2 49. Kf3 h4 50. Kf2 Kh1 51. Kf1 Kh2 52. Kf2 h3 53. Kf1 Kh1
54. Kf2 h2 55. Kf1 {Black stalemated} 1/2-1/2

[Event "Team 45 45 League T39"]
[Site "Internet Chess Club"]
[Date "2008.11.09"]
[Round "3"]
[White "Luckydawg"]
[Black "C-Jones"]
[Result "0-1"]
[WhiteElo "1683"]
[BlackElo "1665"]
[Opening "English opening"]
[ECO "A20"]
[Time "19:30:41"]
[TimeControl "2700+45"]

1. c4 e5 2. g3 Nf6 3. Bg2 Bc5 4. Nc3 O-O 5. a3 Nc6 6. b4 Be7 7. e3 d6 8. Nge2
Be6 9. d3 Qd7 10. Nd5 Bd8 11. b5 Bxd5 12. cxd5 Ne7 13. Qb3 h5 14. h4 Ng6 15. Bh3
Qe8 16. O-O Ne7 17. e4 Nd7 18. d4 exd4 19. Nxd4 Nc5 20. Qc2 Ng6 21. Re1 Ne5 22.
Qd1 Bf6 23. Rb1 Ned3 24. Bb2 Nxe1 25. Nf5 Bxb2 26. Rxb2 g6 27. Qxe1 Nd3 28. Qe3
Qe5 29. Qh6 Nxb2 30. Qg5 Rae8 31. Nh6+ Kh7 32. Bf5 Nd3 33. Qxh5 Kg7 34. Qg5 Nc5
35. Ng4 Qa1+ 36. Kg2 Nxe4 37. Qh6+ Kg8 38. Bxe4 Rxe4 39. Qg5 Rxg4 40. Qxg4 Qe5
{White resigns} 0-1

[Event "Team 45 45 League T39"]
[Site "Internet Chess Club"]
[Date "2008.11.10"]
[Round "3"]
[White "chesskix"]
[Black "BrerRabbit"]
[Result "0-1"]
[WhiteElo "1622"]
[BlackElo "1631"]
[Opening "English opening"]
[ECO "A05"]
[Time "19:05:09"]
[TimeControl "2700+45"]

1. Nf3 Nf6 2. c4 g6 3. Nc3 Bg7 4. g3 O-O 5. Bg2 d6 6. O-O Nbd7 7. d3 e5 8. Bd2
a6 9. a4 Rb8 10. Rb1 b6 11. b4 Bb7 12. h3 Re8 13. e4 Nf8 14. Nd5 Ne6 15. Be3 Bc6
16. b5 Bb7 17. Qc1 a5 18. Re1 Nd7 19. Qd1 Ndc5 20. Nc3 Nd4 21. Bg5 {White
resigns} 0-1

[Event "Team 45 45 League T39"]
[Site "Internet Chess Club"]
[Date "2008.11.08"]
[Round "3"]
[White "bmw2002"]
[Black "PostMike"]
[Result "1-0"]
[WhiteElo "1567"]
[BlackElo "1577"]
[Opening "English opening"]
[ECO "A13"]
[Time "08:39:25"]
[TimeControl "2700+45"]

1. c4 e6 2. g3 f5 3. Bg2 Nf6 4. Nf3 Be7 5. O-O O-O 6. Nc3 d5 7. cxd5 exd5 8. d3
c6 9. Bf4 Nbd7 10. Qc2 Nc5 11. Rfe1 Ne6 12. Bd2 Bd6 13. Rad1 Qe8 14. e4 fxe4 15.
dxe4 Qg6 16. Nh4 Nd4 17. Qd3 {Black resigns} 1-0

[Event "Team 45 45 League T39"]
[Site "Internet Chess Club"]
[Date "2008.11.10"]
[Round "3"]
[White "curtintime"]
[Black "AlPearson"]
[Result "1/2-1/2"]
[WhiteElo "1355"]
[BlackElo "1469"]
[Opening "Alekhine's defense"]
[ECO "B02"]
[Time "20:00:48"]
[TimeControl "2700+45"]

1. e4 Nf6 2. e5 Nd5 3. c4 Nb6 4. Nf3 d6 5. Nc3 Bg4 6. d4 dxe5 7. c5 exd4 8. cxb6
dxc3 9. Qxd8+ Kxd8 10. bxc7+ Kxc7 11. Bf4+ Kc8 12. Rc1 Nc6 13. Rxc3 Bxf3 14.
Rxf3 e5 15. Bd2 f6 16. Bb5 Bb4 17. Bxc6 Bxd2+ 18. Kxd2 bxc6 19. Rc1 Rd8+ 20. Ke2
Kc7 21. Rfc3 Rd6 22. b4 Rb8 23. Rb1 Rbd8 24. Rc2 Kb6 25. a4 a6 26. Rcb2 a5 27.
bxa5+ Kxa5 28. Rb7 Ka6 29. Rxg7 R6d7 30. Rxd7 Rxd7 31. Rc1 Kb6 32. a5+ Kb5 33.
Ke3 Rd6 34. Ra1 Ka6 35. Ra4 Rd5 36. Rh4 Rxa5 37. Rxh7 Ra3+ 38. Kd2 Ra2+ 39. Ke3
Ra3+ {Game drawn by mutual agreement} 1/2-1/2

[Event "Team 45 45 League T39"]
[Site "Internet Chess Club"]
[Date "2008.11.06"]
[Round "3"]
[White "tryanything"]
[Black "rubo"]
[Result "1/2-1/2"]
[WhiteElo "1722"]
[BlackElo "1728"]
[Opening "Benkö gambit"]
[ECO "A57"]
[Time "17:29:44"]
[TimeControl "2700+45"]

1. d4 Nf6 2. c4 c5 3. d5 b5 4. e3 g6 5. Nf3 Bg7 6. Be2 d6 7. O-O O-O 8. cxb5 a6
9. Nc3 axb5 10. Bxb5 Ba6 11. Bxa6 Nxa6 12. e4 Ng4 13. h3 Ne5 14. Nxe5 Bxe5 15.
f4 Bd4+ 16. Kh1 Qb6 17. Qc2 Nb4 18. Qb3 Rfb8 19. Bd2 Qa6 20. Qd1 Nd3 21. b3 c4
22. Qc2 Qa3 23. bxc4 Nf2+ 24. Kh2 Rb2 25. Qc1 Rxd2 26. Qxd2 Bxc3 27. Qxf2 Bxa1
28. Rxa1 Qc3 29. Qf1 Ra3 30. Rc1 Qg3+ 31. Kh1 Rxa2 32. c5 dxc5 33. Rxc5 Rf2 34.
Qg1 Qxf4 35. Rc1 f6 36. Rc8+ Kf7 37. Rc1 Re2 38. Re1 Qxe4 39. Rxe2 Qxe2 40. Qb1
h5 41. Qb3 Kg7 42. Qb7 h4 43. Kh2 g5 44. Qd7 Kg6 45. Kh1 Qe1+ 46. Kh2 Qg3+ 47.
Kh1 Qd6 48. Qb7 e6 49. dxe6 Qxe6 50. Qb1+ f5 51. Qd3 Kf6 52. Qc3+ Qe5 53. Qc6+
Qe6 54. Qc3+ Kg6 55. Qd3 Kh6 56. Qd2 Kh5 57. Qd1+ g4 58. hxg4+ fxg4 59. Qd2 Qf5
60. Qe2 Kg5 61. Qe7+ Qf6 62. Qc5+ Kg6 63. Qc2+ Kg5 64. Qd2+ Kf5 65. Qd3+ Kf4 66.
Qd2+ Ke4 67. Qe2+ Kf5 68. Qd3+ Kg5 69. Qe3+ {Game drawn by mutual agreement}
1/2-1/2

[Event "Team 45 45 League T39"]
[Site "Internet Chess Club"]
[Date "2008.11.08"]
[Round "3"]
[White "GamePlayer"]
[Black "ChessChamp"]
[Result "1-0"]
[WhiteElo "1793"]
[BlackElo "1674"]
[Opening "Sicilian: dragon variation"]
[ECO "B70"]
[Time "19:14:34"]
[TimeControl "2700+45"]

1. e4 c5 2. Nf3 d6 3. d4 cxd4 4. Nxd4 Nf6 5. Nc3 g6 6. Nf3 Bg7 7. e5 dxe5 8.
Qxd8+ Kxd8 9. Nxe5 Be6 10. Be2 Nbd7 11. Bf4 Nd5 12. Nxd7 Kxd7 13. Nxd5 Bxd5 14.
O-O-O Kc6 15. Bb5+ Kxb5 16. Rxd5+ Kc6 17. Rhd1 Rac8 18. Be3 b6 19. Rd7 Rc7 20.
Rd8 Rd7 21. R8xd7 {Black resigns} 1-0

[Event "Team 45 45 League T39"]
[Site "Internet Chess Club"]
[Date "2008.11.10"]
[Round "3"]
[White "princeillini"]
[Black "rayngrant"]
[Result "0-1"]
[WhiteElo "1467"]
[BlackElo "1576"]
[Opening "French: exchange variation"]
[ECO "C01"]
[Time "19:58:03"]
[TimeControl "2700+45"]

1. e4 e6 2. d4 d5 3. exd5 exd5 4. Nf3 c5 5. Bd3 Nc6 6. Qe2+ Qe7 7. Qxe7+ Bxe7 8.
dxc5 Bxc5 9. O-O Be6 10. Bb5 Ne7 11. Re1 O-O 12. Bg5 Ng6 13. Nc3 Nd4 14. Nxd4
Bxd4 15. Rab1 Rac8 16. Nxd5 Rxc2 17. Ne3 Rxb2 18. Rxb2 Bxb2 19. Nf1 a6 20. Bd3
b5 21. Kh1 Ne5 22. Bb1 Rc8 23. Ng3 Ng4 24. Kg1 Bd4 25. Rf1 Bc4 26. Rd1 Bxf2+ 27.
Kh1 Bxg3 28. Bf5 Nf2+ 29. Kg1 Nxd1 30. Bxc8 Bf2+ 31. Kh1 a5 32. a3 b4 33. axb4
axb4 34. Bd2 b3 35. Bf5 Bd4 36. Bb4 Nf2+ 37. Kg1 Nd3+ 38. Kf1 Nxb4+ 39. Ke1 b2
40. Kd2 Bd3 41. Bxd3 Nxd3 42. Kc2 Ne1+ 43. Kb1 Nxg2 44. Kc2 Be5 45. Kb1 Ne3 46.
Ka2 Nc4 47. Kb1 Nd2+ 48. Kc2 b1=Q+ 49. Kxd2 Qb2+ 50. Ke3 f5 51. Kf3 g5 52. Ke3
g4 53. Kd3 Qc3+ 54. Ke2 f4 55. h3 Qe3+ 56. Kf1 Bd4 57. Kg2 Qf2+ 58. Kh1 Qg1#
{White checkmated} 0-1

[Event "Team 45 45 League T39"]
[Site "Internet Chess Club"]
[Date "2008.11.10"]
[Round "3"]
[White "albacore"]
[Black "arconia"]
[Result "1-0"]
[WhiteElo "1342"]
[BlackElo "1327"]
[Opening "Queen's bishop game"]
[ECO "D02"]
[Time "20:00:12"]
[TimeControl "2700+45"]

1. d4 d5 2. Nf3 Nf6 3. Bf4 Nc6 4. e3 e6 5. Nbd2 Be7 6. h3 O-O 7. c4 a6 8. cxd5
Nxd5 9. Bg3 f6 10. a3 e5 11. e4 Nf4 12. d5 Na7 13. Bxf4 exf4 14. Bc4 Kh8 15. O-O
c6 16. Nh4 Qe8 17. Re1 f5 18. exf5 Bxf5 19. d6 Qd7 20. dxe7 Rfe8 21. Nxf5 Qxf5
22. Nf3 Nc8 23. Be6 Qf6 24. Bxc8 Raxc8 25. Qd2 Rxe7 26. Rxe7 Qxe7 27. Qxf4 Rg8
28. Ng5 Rf8 29. Qb4 Qf6 30. Nf3 Rf7 31. Re1 h5 32. Qh4 Qh6 33. Re8+ Kh7 34. Ng5+
Kg6 35. Nxf7 Kxf7 36. Qe7+ Kg6 37. Qe6+ Kg5 38. Qxh6+ gxh6 39. Re7 b5 40. Re6 h4
41. Rxc6 a5 42. Rc5+ {Black resigns} 1-0

[Event "Team 45 45 League T39"]
[Site "Internet Chess Club"]
[Date "2008.11.07"]
[Round "3"]
[White "gezira"]
[Black "BadHabitMarco"]
[Result "1-0"]
[WhiteElo "2254"]
[BlackElo "2015"]
[Opening "Sicilian"]
[ECO "B56"]
[Time "13:00:25"]
[TimeControl "2700+45"]

1. e4 c5 2. Nf3 d6 3. d4 cxd4 4. Nxd4 Nf6 5. Nc3 Bd7 6. f3 e5 7. Nb3 Bc6 8. Be3
Be7 9. Be2 O-O 10. O-O d5 11. exd5 Nxd5 12. Nxd5 Bxd5 13. Qd3 Nc6 14. c4 Be6 15.
Nc5 Qxd3 16. Bxd3 Bc8 17. Be4 f5 18. Bd5+ Kh8 19. Rad1 Rd8 20. Nd3 Bf6 21. Bxc6
bxc6 22. Nxe5 Rxd1 23. Rxd1 Be6 24. Nxc6 Bxb2 25. c5 Bxa2 26. Rd7 a5 27. Nd4 Re8
28. Kf2 Rc8 29. Rb7 Bc3 30. Nxf5 Be6 31. Nd6 Ra8 32. c6 Be5 33. Bc5 a4 34. Re7
Bxd6 35. Bxd6 Bf5 36. g4 Bd3 37. c7 Ba6 38. Rd7 Rg8 39. g5 Bc8 40. Rd8 Be6 41.
Ke3 h6 42. g6 Bf5 43. Bf8 Be6 44. Kd4 Bf5 45. Ke5 Bh3 46. f4 {Black resigns} 1-0

[Event "Team 45 45 League T39"]
[Site "Internet Chess Club"]
[Date "2008.11.06"]
[Round "3"]
[White "andy4226uk"]
[Black "alin"]
[Result "0-1"]
[WhiteElo "1860"]
[BlackElo "2096"]
[Opening "Scotch gambit: Dubois-Réti defense"]
[ECO "C55"]
[Time "14:17:30"]
[TimeControl "2700+45"]

1. e4 e5 2. Bc4 Nf6 3. d4 exd4 4. Nf3 Nc6 5. e5 d5 6. Bb5 Ne4 7. Nxd4 Bd7 8.
Bxc6 bxc6 9. O-O Bc5 10. Nb3 Bb6 11. N1d2 Nxd2 12. Bxd2 O-O 13. Kh1 f6 14. f4
fxe5 15. fxe5 Qh4 16. Qe1 Rxf1+ 17. Qxf1 Rf8 18. Qd3 Bf5 19. Qc3 Be4 {White
resigns} 0-1

[Event "Team 45 45 League T39"]
[Site "Internet Chess Club"]
[Date "2008.11.07"]
[Round "3"]
[White "mitus"]
[Black "Solfege"]
[Result "0-1"]
[WhiteElo "1916"]
[BlackElo "1944"]
[Opening "Owen defense"]
[ECO "B00"]
[Time "15:00:17"]
[TimeControl "2700+45"]

1. e4 b6 2. d4 e6 3. Nf3 Bb7 4. Nc3 Bb4 5. Bd3 Nf6 6. Bg5 h6 7. Bh4 Nc6 8. a3
Be7 9. O-O Nxe4 10. Bxe7 Nxc3 11. Bxd8 Nxd1 12. Bxc7 Nxb2 13. Be2 Rc8 14. Bg3
Ne7 15. Rfc1 Nf5 16. c4 Bxf3 17. Bxf3 Nxd4 18. Be5 Nxf3+ 19. gxf3 Nd3 {White
resigns} 0-1